Map: Alcyone LE

Players

IIIIIIIIIIII

  • Race: Terran Terran
  • League: Grandmaster
  • Spawn Location: 7:00

Lambo - Winner!

  • Race: Zerg Zerg
  • League: Grandmaster
  • Spawn Location: 1:00

VOD

Have the link to the VOD?

Description

Time

  • Played on: June 27, 2024, 12:23 p.m.
  • Length: 11:29
Show
View Real Time Build Order
Export as new Build Order

IIIIIIIIIIII Terran 

Build Orders:  

Get SALT Encoding   

  12  0:00  SCV  
  13  0:12  SCV  
  14  0:21  Supply Depot  
  14  0:25  SCV  
  16  0:42  SCV  
  16  0:44  Barracks  
  16  0:46  Refinery  
  16  0:55  SCV  
  17  1:03  Barracks  
  17  1:07  SCV  
  18  1:19  SCV  
  19  1:32  Reaper, Orbital Command  
  20  1:51  Reaper  
  20  1:52  Supply Depot  
  21  1:57  SCV  
  22  2:07  Reaper  
  23  2:10  Command Center  
  23  2:13  SCV  
  24  2:25  Marine  
  24  2:26  SCV  
  26  2:38  SCV  
  26  2:41  Barracks Tech Lab  
  27  2:47  Command Center  
  27  2:54  SCV  
  27  2:55  Refinery  
  28  3:02  Factory  
  28  3:07  SCV  
  29  3:17  Barracks Reactor  
  29  3:19  SCV  
  30  3:20  Marine  
  30  3:22  Orbital Command  
  31  3:31  SCV  
  32  3:40  Marine  
  33  3:43  SCV  
  34  3:48  Factory Tech Lab  
  34  3:51  SCV  
  34  3:52  Starport  
  34  3:53  Marine  
  34  3:54  Marine  
  34  3:55  SCV  
  38  4:02  Orbital Command  
  38  4:03  SCV  
  38  4:07  SCV  
  40  4:11  Marine  
  40  4:12  Marine  
  40  4:15  SCV  
  44  4:20  Barracks Tech Lab  
  44  4:21  SCV  
  44  4:27  SCV, Engineering Bay  
  44  4:28  Engineering Bay  
  44  4:29  Marine  
  44  4:31  SCV  
  47  4:32  Marine  
  47  4:34  SCV  
  47  4:36  Banshee  
  52  4:40  SCV  
  52  4:41  Cloaking Field  
  52  4:44  SCV  
  54  4:46  Stimpack  
  54  4:47  Marine, SCV  
  54  4:49  Marine  
  54  4:50  Marine  
  58  4:54  SCV  
  58  4:58  Refinery x2  
  58  4:59  Supply Depot  
  59  5:08  SCV  
  59  5:09  Supply Depot  
  59  5:10  Marine  
  59  5:12  Supply Depot  
  61  5:15  Terran Infantry Armor Level 1  
  61  5:20  Marine x2, SCV x2  
  65  5:22  SCV  
  65  5:27  Banshee  
  69  5:28  Terran Infantry Weapons Level 1  
  69  5:32  Supply Depot, Marine, SCV x2  
  72  5:38  Factory Reactor, Barracks, Marine x2  
  72  5:40  SCV  
  75  5:44  Orbital Command  
  75  5:47  SCV  
  75  5:48  Supply Depot x2  
  76  5:50  Marine  
  76  5:54  SCV  
  78  5:57  Marine  
  78  5:58  Marine  
  78  5:59  SCV  
  81  6:06  SCV  
  81  6:07  Marine  
  83  6:11  SCV  
  83  6:14  SCV  
  83  6:15  Marine x2  
  87  6:18  SCV  
  87  6:23  Armory  
  87  6:24  Medivac x2  
  92  6:25  Marine  
  92  6:27  Barracks  
  92  6:28  Barracks  
  92  6:29  Siege Tank  
  92  6:30  Barracks Reactor  
  92  6:32  Combat Shield  
  96  6:33  Marine x2  
  96  6:34  SCV x3  
  96  6:39  Supply Depot  
  101  6:43  Marine  
  101  6:46  SCV x2  
  104  6:48  Supply Depot, SCV  
  104  6:51  Marine x2  
  107  6:57  Medivac  
  107  7:01  Medivac, Siege Tank, Marine, SCV x2  
  113  7:05  Supply Depot  
  113  7:06  Supply Depot, SCV  
  118  7:09  Marine x2  
  117  7:16  Marine  
  117  7:18  Barracks Reactor x2  
  117  7:19  Marine  
  117  7:21  SCV x2  
  119  7:25  Supply Depot  
  119  7:28  Supply Depot  
  119  7:29  Command Center, Terran Infantry Weapons Level 2  
  118  7:33  Siege Tank  
  118  7:35  SCV x2, Refinery x2  
  118  7:36  Marine x2  
  124  7:43  Terran Infantry Armor Level 2, Marine x2  
  128  7:45  Marauder  
  128  7:46  SCV  
  128  7:48  SCV  
  131  7:52  Factory  
  131  7:54  SCV  
  132  7:59  Marine x6  
  132  8:02  Terran Vehicle Weapons Level 1, Supply Depot  
  138  8:07  Marauder  
  138  8:09  Marine x2  
  142  8:16  Marine x2  
  142  8:21  Marine x4  
  142  8:22  Medivac x2  
  142  8:25  Siege Tank  
  153  8:28  Marauder  
  153  8:29  SCV x2  
  153  8:33  Supply Depot  
  157  8:34  Supply Depot  
  157  8:35  Marine x2  
  157  8:36  Marine x2  
  161  8:46  Marine x2  
  161  8:47  Marine  
  158  8:50  SCV  
  158  8:53  Barracks x2  
  158  8:54  Barracks, Marauder  
  159  9:01  Marine x4  
  159  9:05  Factory Reactor  
  159  9:06  Drilling Claws  
  159  9:07  Siege Tank  
  159  9:09  Marine x3, Sensor Tower  
  165  9:15  Supply Depot  
  165  9:16  Marine  
  165  9:17  Marauder  
  168  9:30  Marine x2  
  165  9:38  Marauder  
  156  9:39  Orbital Command  
  156  9:40  Widow Mine  
  156  9:41  Marine x2  
  156  9:43  Barracks Tech Lab x3  
  156  9:44  Marine  
  156  9:45  Marine  
  161  9:52  Marine x2  
  142  9:53  SCV  
  142  9:54  SCV  
  142  9:57  Widow Mine x2  
  142  9:58  SCV  
  142  9:59  Marauder  
  132  10:05  Marine x5  
  132  10:06  Marauder x2, SCV  
  136  10:08  SCV  
  136  10:09  SCV  
  136  10:10  SCV  
  136  10:17  Marauder, Marine  
  136  10:18  SCV  
  136  10:20  Supply Depot, SCV  
  136  10:21  Marauder, SCV  
  144  10:23  Widow Mine  
  144  10:24  SCV  
  149  10:31  Widow Mine x2  
  149  10:34  SCV  
  152  10:43  Marauder  
  152  10:45  Widow Mine  
  160  10:50  Marauder x3, Marine x3  
  160  10:53  Widow Mine x2  
  169  10:57  Ghost Academy  
  169  10:59  Refinery  
  155  11:05  Marauder, Marine x2  
Show
View Real Time Build Order
Export as new Build Order

Lambo Zerg - Winner!

Build Orders: Hatch First 

Get SALT Encoding   

  12  0:00  Drone  
  13  0:12  Overlord  
  13  0:16  Drone  
  14  0:30  Drone x2  
  16  0:48  Hatchery  
  15  0:50  Drone  
  15  0:54  Drone  
  17  0:57  Drone  
  18  1:08  Extractor  
  17  1:12  Spawning Pool  
  17  1:15  Drone  
  17  1:19  Drone  
  18  1:28  Drone  
  19  1:38  Drone  
  20  1:49  Drone  
  21  2:00  Queen x2  
  25  2:02  Zergling x4  
  27  2:11  Overlord, Drone  
  28  2:23  Metabolic Boost  
  28  2:30  Spore Crawler  
  28  2:31  Zergling x2  
  28  2:32  Drone x3  
  31  2:40  Queen  
  34  2:49  Hatchery  
  33  2:51  Overlord  
  33  2:57  Drone x2  
  35  2:59  Zergling x2  
  36  3:09  Overlord  
  36  3:14  Queen  
  36  3:17  Zergling x2  
  36  3:18  Zergling x4  
  36  3:19  Drone x3  
  44  3:22  Overlord  
  46  3:32  Drone x2  
  46  3:37  Hatchery  
  46  3:39  Drone x2  
  47  3:42  Queen  
  50  3:48  Drone  
  50  3:54  Drone x4  
  54  3:59  Overlord  
  54  4:01  Queen  
  56  4:06  Drone  
  56  4:09  Drone  
  58  4:11  Drone x2  
  58  4:13  Overlord  
  60  4:21  Drone x2, Extractor, Roach Warren  
  60  4:24  Drone  
  61  4:25  Drone  
  61  4:28  Drone  
  61  4:30  Drone  
  64  4:34  Overlord  
  64  4:40  Drone x4  
  64  4:42  Lair  
  68  4:48  Drone  
  69  4:53  Extractor  
  69  4:54  Drone x4  
  69  4:56  Drone  
  73  5:00  Overlord  
  73  5:06  Drone  
  74  5:07  Drone x3  
  74  5:08  Drone  
  74  5:10  Drone  
  74  5:11  Extractor  
  78  5:15  Spore Crawler  
  78  5:16  Drone  
  78  5:20  Drone x2  
  80  5:23  Drone x3  
  80  5:26  Drone x3  
  86  5:28  Hatchery  
  86  5:33  Extractor  
  86  5:34  Extractor  
  83  5:35  Overlord  
  83  5:38  Drone  
  83  5:39  Drone x4  
  83  5:41  Evolution Chamber x2, Glial Reconstitution  
  86  5:45  Roach x3  
  92  5:51  Overseer, Roach x3  
  97  5:57  Overlord  
  97  5:59  Roach x4  
  97  6:02  Overlord  
  105  6:05  Overlord x2  
  105  6:08  Zerg Missile Weapons Level 1  
  105  6:11  Zerg Ground Armor Level 1  
  105  6:13  Overlord  
  105  6:19  Drone x2  
  105  6:20  Infestation Pit, Drone x2  
  105  6:23  Drone x3  
  111  6:27  Drone x3  
  111  6:30  Drone x3  
  117  6:37  Drone  
  117  6:38  Baneling Nest, Drone x4  
  121  6:42  Overseer  
  121  6:43  Overseer  
  121  6:48  Drone  
  121  6:56  Drone  
  121  6:59  Spore Crawler x2  
  121  7:00  Spore Crawler, Drone x2  
  120  7:02  Hive  
  120  7:04  Drone  
  120  7:07  Roach x9  
  139  7:12  Overlord  
  139  7:15  Overlord  
  138  7:16  Overlord  
  139  7:28  Zergling x22  
  139  7:29  Ravager x2  
  152  7:40  Drone x6  
  152  7:43  Extractor  
  157  7:47  Drone  
  157  7:48  Zergling x4  
  160  7:56  Ravager  
  160  7:57  Infestor x2  
  165  7:58  Hatchery  
  165  7:59  Centrifugal Hooks  
  165  8:04  Zergling x18  
  173  8:06  Spore Crawler, Overlord  
  173  8:07  Baneling x6  
  173  8:10  Overlord  
  173  8:12  Overlord  
  172  8:15  Overlord  
  166  8:24  Zerg Ground Armor Level 2, Adrenal Glands  
  166  8:25  Zerg Melee Weapons Level 1  
  166  8:27  Viper, Ultralisk Cavern  
  166  8:29  Zergling x26  
  181  8:37  Zergling x4  
  180  8:44  Zergling x14  
  187  8:49  Drone x6  
  193  8:57  Zergling x2  
  193  8:58  Zergling x12  
  199  9:03  Overlord  
  199  9:05  Baneling x14  
  199  9:06  Overlord  
  199  9:08  Overlord  
  199  9:12  Overseer  
  199  9:17  Baneling x8  
  199  9:18  Chitinous Plating  
  199  9:22  Baneling x3  
  199  9:24  Zergling x2  
  199  9:32  Zergling x10  
  199  9:37  Zergling x2  
  199  9:49  Hatchery  
  180  9:53  Zergling x44  
  180  9:54  Hatchery  
  180  9:58  Ultralisk x3  
  184  10:06  Zergling x10  
  184  10:08  Ravager  
  184  10:09  Ravager  
  184  10:11  Ultralisk  
  184  10:13  Zergling x10  
  197  10:21  Zergling x8  
  197  10:23  Baneling x10  
  200  10:31  Baneling x6  
  200  10:36  Baneling x4  
  200  10:37  Anabolic Synthesis  
  199  10:44  Extractor  
  199  10:46  Zergling x8  
  196  11:00  Zergling x20  
  197  11:09  Zergling x32  
Tags
 
Add a new tag
Caveats
  • Supply blocks, unpowered buildings, or Contaminate may cause inaccurate times.
  • Supply counts are checked every 10 seconds.